 Dungeon Crawl Stone Soup version 0.18-b1-14-g029dad2 (webtiles) character file.

158 Chiseanne the Magician (level 5, 35/35 HPs)
             Began as a Demonspawn Wizard on Apr 30, 2016.
             Was an Initiate of Gozag.
             Quit the game on level 2 of the Dungeon.
             The game lasted 00:05:32 (2452 turns).

Chiseanne the Magician (Demonspawn Wizard)          Turns: 2452, Time: 00:05:33

Health: 35/35      AC:  7    Str:  7    XL:     5   Next: 16%
Magic:  11/11      EV: 12    Int: 20    God:    Gozag
Gold:   163        SH:  0    Dex: 12    Spells: 5 memorised, 1 level left

rFire  . . .     SeeInvis .     e - +0 dagger
rCold  . . .     Gourm    .     a - +0 robe
rNeg   . . .     Faith    .     (no shield)
rPois  .         Spirit   .     b - +0 hat
rElec  .         Dismiss  .     (no cloak)
rCorr  .         Reflect  .     (no gloves)
SustAt .         Harm     .     i - +2 pair of boots
MR     .....                    (no amulet)
Stlth  ++........               (no ring)
                                (no ring)

@: repel missiles, not resistant to hostile enchantments, unstealthy
A: antennae 2, yellow scales 1, demonic guardian 1
a: Potion Petition, Call Merchant, Bribe Branch, Renounce Religion


You were on level 2 of the Dungeon.
You worshipped Gozag.
Gozag was noncommittal.
You were not hungry.

You visited 1 branch of the dungeon, and saw 2 of its levels.

You collected 186 gold pieces.
You paid 23 gold pieces to Gozag.

Inventory:

Hand Weapons
 e - a +0 dagger (weapon)
Missiles
 j - 72 stones (quivered)
 l - 12 bolts
 r - 25 arrows
Armour
 a - a +0 robe (worn)
 b - a +0 hat (worn)
 i - a +2 pair of boots (worn)
Scrolls
 h - a scroll of amnesia
 o - 3 scrolls of identify
 p - a scroll of fog
 q - 2 scrolls of remove curse
Potions
 f - a potion of brilliance
 k - a potion of flight {unknown}
 m - a potion of agility
Books
 c - a book of Minor Magic

   Spells                             Type                      Level
   a - Magic Dart                     Conjuration                  1
   b - Blink                          Translocation                2
   c - Call Imp                       Summoning                    2
   d - Repel Missiles                 Charms/Air                   2
   e - Slow                           Hexes                        2
   f - Conjure Flame                  Conjuration/Fire             3
   g - Mephitic Cloud                 Conjuration/Poison/Air       3
Comestibles
 d - 2 bread rations
 g - a slice of pizza
 n - a beef jerky


   Skills:
 - Level 1.7 Dodging
 - Level 1.7 Stealth
 * Level 4.4 Spellcasting
 * Level 3.5 Conjurations
   Level 1.0 Summonings
 - Level 0.8 Translocations


You had one spell level left.
You knew the following spells:

 Your Spells              Type           Power        Failure   Level  Hunger
a - Magic Dart            Conj           ###.         2%          1    None
b - Blink                 Tloc           N/A          17%         2    #......
c - Repel Missiles        Chrm/Air       #.....       21%         2    #......
d - Mephitic Cloud        Conj/Pois/Air  #.......     24%         3    ###....
e - Conjure Flame         Conj/Fire      ##......     21%         3    ###....


Dungeon Overview and Level Annotations

Branches:
Dungeon (2/15)

Altars:
Gozag
Pakellas
Vehumet
Xom


Innate Abilities, Weirdness & Mutations

You have a pair of antennae on your head.
You are partially covered in yellow scales (AC +2).
A weak demonic guardian rushes to your aid.


Message History

Confirm with . or Enter, or press ? or * to list all spells.
Aiming: Magic Dart
Press: ? - help, Shift-Dir - straight line, f/p - Terence
Aim: Terence, wielding a flail and wearing a ring mail (severely wounded)
The magic dart hits Terence.
Terence is almost dead.
Casting: Magic Dart
Confirm with . or Enter, or press ? or * to list all spells.
Aiming: Magic Dart
Press: ? - help, Shift-Dir - straight line, f/p - Terence
Aim: Terence, wielding a flail and wearing a ring mail (almost dead)
The magic dart hits Terence.
You kill Terence!
You have reached level 5!
Your demonic ancestry asserts itself...
You feel the presence of a demonic guardian.
You now have 163 gold pieces (gained 8).
Things that are here:
a flail; a ring mail Are you sure you want to abandon this character and quit the game? (Confirm with "yes".)

###***** #..,,,,# #.#***.# ###
#.####.# #.#####.#....##*
**#....##.#......*
*,#.##.##...####.#
*,#.#.....@......#*
*,#.#..##.#.......*
*,#.#..##.#..###..**
#,#.#.....#....,,,,*
#######.#.##....#.....,,*****
.....##.#.#######.###...,<,,*
.....##............,,...***,*
.....####.#######..,,,..,,,,*****
.....# #.# *,*****,,,,,,,,,,


There were no monsters in sight!

Vanquished Creatures
  Terence (D:2)
  Natasha (thrice) (D:2)
  2 adders (D:2)
  A worm (D:2)
  2 dart slugs (D:1)
  3 giant geckos
  5 bats
  A giant cockroach (D:2)
  2 goblins
  4 hobgoblins
  3 jackals (D:1)
  2 kobolds (D:2)
  2 giant newts
  4 rats
35 creatures vanquished.

Notes
Turn   | Place    | Note
--------------------------------------------------------------
     0 | D:1      | Chiseanne the Demonspawn Wizard began the quest for the Orb.
     0 | D:1      | Reached XP level 1. HP: 13/13 MP: 4/4
   565 | D:1      | Gained mutation: You are partially covered in yellow scales (AC +2). [demonic ancestry]
   565 | D:1      | Reached XP level 2. HP: 19/19 MP: 1/6
   784 | D:1      | Learned a level 2 spell: Blink
   787 | D:1      | Learned a level 2 spell: Repel Missiles
  1507 | D:2      | Found a shimmering altar of Xom.
  1514 | D:2      | Found a radiant altar of Vehumet.
  1518 | D:2      | Found an opulent altar of Gozag.
  1522 | D:2      | Became a worshipper of Gozag Ym Sagoz the Greedy
  1585 | D:2      | Gained mutation: You have a pair of small antennae on your head. [demonic ancestry]
  1585 | D:2      | Reached XP level 3. HP: 24/24 MP: 4/8
  1638 | D:2      | Found an oddly glowing altar of Pakellas.
  1932 | D:2      | Noticed Natasha
  2070 | D:2      | Killed Natasha
  2070 | D:2      | Reached skill level 4 in Spellcasting
  2070 | D:2      | Gained mutation: You have a pair of antennae on your head. [demonic ancestry]
  2070 | D:2      | Reached XP level 4. HP: 30/30 MP: 1/10
  2128 | D:2      | Noticed Natasha
  2135 | D:2      | Killed Natasha
  2289 | D:2      | Noticed Natasha
  2294 | D:2      | Killed Natasha
  2300 | D:2      | Noticed Terence
  2388 | D:2      | Learned a level 3 spell: Mephitic Cloud
  2392 | D:2      | Learned a level 3 spell: Conjure Flame
  2400 | D:2      | Killed Terence
  2400 | D:2      | Gained mutation: A weak demonic guardian rushes to your aid. [demonic ancestry]
  2400 | D:2      | Reached XP level 5. HP: 35/35 MP: 4/11
  2452 | D:2      | Quit the game

Skill      XL: |  1  2  3  4 |
---------------+-------------+-----
Conjurations   | 2 3 |  3.5
Spellcasting   | 4 |  4.4
Dodging        | |  1.7
Stealth        | |  1.7
Summonings     | |  1.0
Translocations | |  0.8

Action                   |  1- 3 |  4- 6 || total
-------------------------+-------+-------++-------
Melee: Dagger            |    33 |     3 ||    36
 Cast: Magic Dart        |    97 |    20 ||   117
       Repel Missiles    |     1 |       ||     1
  Use: Scroll            |     5 |     3 ||     8
  Eat: Fruit             |     4 |       ||     4
       Chunk             |     2 |       ||     2
Armor: Robe              |     5 |     1 ||     6
Dodge: Dodged            |    35 |     5 ||    40
       Deflected         |     1 |       ||     1
